 Dungeon Crawl Stone Soup version 0.27-a0-1191-g601b473118 (webtiles) character file.

Game seed: 1203854856970273250

267885 freelancePsychic the Warrior (level 19, -1/181 HPs)
             Began as a Minotaur Abyssal Knight on May 24, 2021.
             Was a High Priest of Lugonu.
             Killed from afar by an ironbound frostheart (12 damage)
             ... with a frost
             ... on level 1 of the Abyss.
             The game lasted 01:51:55 (46477 turns).

freelancePsychic the Warrior (MiAK)                Turns: 46477, Time: 01:51:56

Health: -1/181     AC: 32    Str: 24    XL:     19   Next: 36%
Magic:  16/29      EV: 27    Int: 21    God:    Lugonu [*****.]
Gold:   3386       SH: 23    Dex: 11    Spells: 18/18 levels left

rFire    + . .     SeeInvis .   b - +7 demon trident (distort)
rCold    + + +     Faith    .   E - +1 tower shield
rNeg     + + .     Spirit   .   k - +7 chain mail "Aklism" {+Blink Int+4 Slay+5}
rPois    +         Reflect  .   Y - +2 hood of the Assassin {Detection Stab+ Stlth++}
rElec    +         Harm     .   K - +2 cloak
rCorr    +         Rampage  .   j - +2 pair of gloves {Stlth+}
Will     +....                  O - +0 pair of boots
Stlth    +.........             U - amulet of Asmeopas {Acrobat rElec rN+ Will+ Int+4}
HPRegen  0.40/turn              d - ring "Fiavuthra" {rPois rF+ rN+ rCorr}
MPRegen  0.21/turn              A - ring of Ukhefec {Fly rC++ Int+4}

@: mighty, weak-willed, marked, acrobatic, flying
A: horns 2, retaliatory headbutt, cold resistance 1
}: 2/15 runes: barnacled, gossamer
a: Renounce Religion, Evoke Blink, Depart the Abyss, Bend Space, Banish,
Corrupt, Enter the Abyss


You were on level 1 of the Abyss.
You worshipped Lugonu.
Lugonu was extremely pleased with you.
You visited 6 branches of the dungeon, and saw 32 of its levels.
You visited the Abyss 3 times.
You also visited: Trove, Sewer, Bailey and Gauntlet.

You collected 6156 gold pieces.
You spent 2770 gold pieces at shops.

Inventory:

Hand Weapons
 a - a +0 halberd
 b - a +7 demon trident of distortion (weapon)
 n - a +1 spear
 u - a +2 bardiche of venom
Missiles
 D - 17 throwing nets (quivered)
 S - 12 boomerangs of dispersal
Armour
 j - a +2 pair of gloves of stealth (worn)
 k - the +7 chain mail "Aklism" (worn) {+Blink Int+4 Slay+5}
   (You found it on level 14 of the Dungeon)

   It affects your intelligence (+4).
   It affects your accuracy and damage with ranged weapons and melee attacks
   (+5).
   It lets you blink.
 E - a +1 tower shield (worn)
 K - a +2 cloak (worn)
 O - a +0 pair of boots (worn)
 Y - the +2 hood of the Assassin (worn) {Detection Stab+ Stlth++}
   (You found it in a Gauntlet)

   It makes you much more stealthy.
Jewellery
 d - the ring "Fiavuthra" (left hand) {rPois rF+ rN+ rCorr}
   (You acquired it on level 1 of the Dungeon)

   [ring of protection from fire]

   It protects you from fire.
   It protects you from poison.
   It protects you from negative energy.
   It protects you from acid and corrosion.
 z - an amulet of magic regeneration
 A - the ring of Ukhefec (right hand) {Fly rC++ Int+4}
   (You acquired it on level 1 of the Shoals)

   [ring of flight]

   It affects your intelligence (+4).
   It greatly protects you from cold.
   It grants you flight.
 B - an amulet of reflection
 C - an amulet of guardian spirit
 U - the amulet of Asmeopas (around neck) {Acrobat rElec rN+ Will+ Int+4}
   (You found it in a treasure trove)

   [amulet of the acrobat]

   It increases your evasion while moving and waiting.
   It affects your intelligence (+4).
   It insulates you from electricity.
   It protects you from negative energy.
   It increases your willpower.
 V - the ring "Yruw" {Fly rN++ rCorr}
   (You found it in a treasure trove)

   [ring of flight]

   It greatly protects you from negative energy.
   It grants you flight.
   It protects you from acid and corrosion.
Wands
 e - a wand of digging (9)
 f - a wand of acid (9)
 q - a wand of charming (26)
 G - a wand of flame (32)
 L - a wand of mindburst (16)
 N - a wand of paralysis (7)
 Z - a wand of polymorph (10)
Scrolls
 l - 4 scrolls of holy word
 m - 5 scrolls of vulnerability
 o - a scroll of fog
 p - 9 scrolls of noise
 r - 3 scrolls of fear
 s - a scroll of summoning
 v - 2 scrolls of enchant armour
 w - 11 scrolls of teleportation {@r4}
 x - a scroll of magic mapping
 H - 6 scrolls of torment
 P - 5 scrolls of amnesia
 R - 3 scrolls of blinking
Potions
 c - 4 potions of flight
 g - 6 potions of attraction
 h - 2 potions of heal wounds {@q2}
 i - 5 potions of curing {@q1}
 t - 7 potions of brilliance
 F - 10 potions of ambrosia
 I - 3 potions of haste {@q3}
 J - 2 potions of cancellation
 M - 2 potions of mutation
 Q - 2 potions of berserk rage
 T - a potion of invisibility
 W - a potion of might
 X - a potion of resistance
Miscellaneous
 y - a condenser vane


   Skills:
 - Level 18.6 Fighting
 - Level 14.4 Polearms
 - Level 16.7 Armour
 - Level 15.0 Dodging
 + Level 18.3 Shields
 + Level 15.1 Invocations


You had 18 spell levels left.
You didn't know any spells.
Your spell library contained the following spells:

 Spells                   Type           Power      Damage    Failure   Level
 Animate Skeleton         Necr           0%         N/A       85%         1
 Apportation              Tloc           0%         N/A       85%         1
 Beastly Appendage        Tmut           0%         N/A       85%         1
 Foxfire                  Conj/Fire      0%         2x1d4     85%         1
 Pain                     Necr           0%         1d4       85%         1
 Sandblast                Erth           0%         2d4       85%         1
 Corpse Rot               Necr/Air       N/A        N/A       94%         2
 Passwall                 Tmut/Erth      0%         N/A       94%         2
 Wereblood                Tmut           0%         N/A       94%         2
 Conjure Flame            Conj/Fire      0%         6-21      99%         3
 Inner Flame              Hex/Fire       0%         N/A       99%         3
 Lesser Beckoning         Tloc           0%         N/A       99%         3
 Spider Form              Tmut/Pois      0%         N/A       99%         3
 Stone Arrow              Conj/Erth      0%         3d7       99%         3
 Tukima's Dance           Hex            0%         N/A       99%         3
 Vampiric Draining        Necr           0%         2d6       99%         3
 Animate Dead             Necr           0%         N/A       100%        4
 Ice Form                 Ice/Tmut       0%         N/A       100%        4
 Petrify                  Tmut/Erth      0%         N/A       100%        4
 Sticky Flame             Conj/Fire      0%         2d3       100%        4
 Summon Lightning Spire   Summ/Air       0%         N/A       100%        4
 Agony                    Necr           0%         N/A       100%        5
 Alistair's Intoxication  Tmut/Pois      0%         N/A       100%        5
 Fireball                 Conj/Fire      0%         3d3       100%        5
 Hydra Form               Tmut           0%         N/A       100%        5
 Lee's Rapid Deconstruct  Erth           0%         3d5*      100%        5
 Silence                  Hex/Air        0%         N/A       100%        5
 Summon Forest            Summ/Tloc      0%         N/A       100%        5
 Conjure Ball Lightning   Conj/Air       0%         3x3d6     100%        6
 Eringya's Noxious Bog    Tmut/Pois      0%         N/A       100%        6
 Invisibility             Hex            0%         N/A       100%        6
 Summon Hydra             Summ           0%         N/A       100%        7
 Tornado                  Air            0%         N/A       100%        9


Dungeon Overview and Level Annotations

Branches:
Dungeon (15/15)            Temple (0/1) D:6            Lair (6/6) D:8
 Shoals (4/4) Lair:3       Spider (4/4) Lair:2        Slime (0/5) Lair:6
    Orc (2/2) D:11            Elf (0/3) Orc:2        Vaults (1/5) D:13
 Depths (0/5) D:15          Sewer (visited)          Bailey (visited)
Gauntlet (visited)

Altars:
Kikubaaqudgha
Nemelex Xobeh
Okawaru
Qazlal
Trog
Uskayaw
Vehumet
Xom
Zin
The Shining One
Beogh
Jiyva

Shops:
D:1 *   D:5 *   D:8 [   D:10 ?!=   Orc:2 [[:(*

Annotations:
D:10 2 transporters
Lair:1 3 runed translucent doors, shoop's ghost, journeyman TrHu
Shoals:4 corrupted
Spider:4 corrupted
Vaults:1 1 transporter
Abyss:1 Pikel; Saint Roka; Sigmund; Snorg


Innate Abilities, Weirdness & Mutations

You have a pair of horns on your head.
You reflexively headbutt those who attack you in melee.
Your flesh is cold resistant. (rC+)


Message History

You puncture the vault sentinel!
You kill the vault sentinel!
Lugonu accepts your kill.
The vault sentinel gestures at you while chanting.
The mark upon you grows brighter.
To return, you must find a gate leading back.
Killing monsters will force the Abyss to allow you passage.
This branch contains the abyssal rune of Zot.
Level annotation: Pikel, Saint Roka, Sigmund, Snorg
Found 16 gold pieces.
Found a corrupted altar of Lugonu.
You start resting.
A centaur is nearby!
You feel yourself slow down.
The green death roars!
The centaur shoots an arrow.
You block the arrow.
You stick the yak like a pincushion!!!
Space bends around the yak.
The yak is almost dead.
The hornet stings you but does no damage. x2
You impale the yak!!
You kill the yak!
The green death gestures at you. The bolt of poison hits you! You resist.
* * * LOW HITPOINT WARNING * * *
The hornet closely misses you. You furiously retaliate!
You headbutt the hornet!
You block the harpy's attack. x2; The harpy completely misses you.
The harpy misses you.
The centaur shoots an arrow.
The arrow closely misses you.
The arrow hits the harpy.
The hornet completely misses you.
The centaur shoots an arrow.
The arrow completely misses you.
The arrow hits the harpy!
The harpy completely misses you. You block the harpy's attack.
You see here a yak corpse.
The harpy screeches!
The harpy misses you. You block the harpy's attack. The harpy misses you.
You block the harpy's attack. The hornet closely misses you.
The harpy screeches!
The harpy completely misses you. You block the harpy's attack.
The ironbound frostheart calls freezing cold from the walls.
The frost grips you! You partially resist.
You die...

# .## ..# ### .
##.. #.# ##s.
#... ..##.. #..
#...# .#
#.##.S.##
###.@Hy...#
.#.#$##†#..#
.##sT._.# ##
.#.F..{h#.#
...p...2..#.#
..........#.##
....... .c#∩{#
#.........#.#.#
..........#


You could see Snorg, a sea snake, an ironbound frostheart (empowered), a wolf
spider, a cane toad, a harpy, a hornet and a jumping spider.

Vanquished Creatures
  A kraken (Shoals:1)
  Frances (D:14)
  Polyphemus (Shoals:4)
  A fire giant (Vaults:1)
  Ilsuiw (Shoals:3)
  A vault warden (Vaults:1)
  2 ghost moths (Spider:4)
  3 emperor scorpions
  2 ironbound preservers (Vaults:1)
  A stone giant (Shoals:1)
  A very ugly thing (Vaults:1)
  Nessos (Lair:5)
  A minotaur (Gauntlet)
  2 entropy weavers
  2 spark wasps
  4 merfolk impalers
  An ettin (D:15)
  3 yaktaur captains (Vaults:1)
  Harold (D:10)
  A deep elf high priest (Vaults:1)
  3 vault guards (D:13)
  An ironbound thunderhulk (Vaults:1)
  3 hydras
  Erica (Orc:1)
  2 merfolk avatars
  A boulder beetle (Vaults:1)
  4 ogre magi
  2 catoblepae
  A satyr (Shoals:3)
  A merfolk aquamancer (Shoals:2)
  8 two-headed ogres
  A centaur warrior (D:14)
  A deep troll shaman (Lair:6)
  4 tengu warriors
  5 death yaks (Lair:6)
  3 deep troll earth magi (Vaults:1)
  An orc high priest (Orc:1)
  9 sea snakes
  5 deep trolls
  4 wizards
  A phantasmal warrior (Vaults:1)
  4 deep elf zephyrmancers (Orc:2)
  An ironbound convoker (Vaults:1)
  5 orc knights
  10 orb spiders
  A lindwurm (Lair:6)
  22 harpies
  3 orc sorcerers
  15 manticores
  10 ugly things
  23 wolf spiders
  4 cyclopes
  7 deep elf pyromancers
  19 fauns
  8 merfolk sirens
  A vault sentinel (Vaults:1)
  A water nymph (shapeshifter) (Vaults:1)
  4 water nymphs
  6 black mambas
  17 elephants
  5 torpor snails
  10 cane toads
  An unseen horror (D:10)
  A freezing wraith (Vaults:1)
  11 komodo dragons
  2 rime drakes
  A tengu conjurer (D:15)
  5 demonic crawlers
  2 yaktaurs
  2 wind drakes
  A troll (shapeshifter) (D:15)
  A meliai (D:12)
  30 jumping spiders
  A polar bear (Lair:6)
  6 hornets
  19 merfolk
  5 trolls
  Grinder (Sewer)
  15 blink frogs
  9 slime creatures
  4 dream sheep
  4 snapping turtles
  A shadow (D:11)
  32 tarantellas
  2 water elementals
  5 wyverns
  72 redbacks
  A vampire (D:10)
  71 yaks
  A wraith (D:7)
  A fire bat (Gauntlet)
  A human (D:13)
  Eustachio (D:3)
  3 basilisks
  2 steam dragons
  8 vampire mosquitoes
  4 wargs
  Menkaure (D:4)
  A small abomination (Abyss:2)
  3 swamp worms (Gauntlet)
  3 acid dragons
  16 water moccasins
  A sky beast (D:8)
  3 ice beasts
  3 black bears
  38 orc warriors
  7 ogres
  23 wolves
  18 centaurs
  A kobold brigand (Sewer)
  Blork the orc (Orc:1)
  8 bullfrogs
  A wyvern zombie (D:7)
  4 scorpions
  7 killer bees
  An electric eel (Orc:2)
  A bullfrog zombie (D:6)
  2 quasits (Sewer)
  7 centaur zombies
  A jelly (D:6)
  2 gnoll shamans
  13 orc priests
  A centaur skeleton (D:5)
  7 hounds
  9 iguanas
  20 orc wizards
  An ogre zombie (D:6)
  A hound zombie (D:5)
  A howler monkey zombie (D:10)
  8 adders
  10 gnolls
  An orc zombie (D:6)
  2 river rats (D:4)
  A gnoll zombie (D:6)
  A shadow imp (Sewer)
  A white imp (D:8)
  14 ufetubi
  An adder skeleton (D:4)
  2 dart slugs
  85 orcs
  4 endoplasms
  9 giant cockroaches
  9 hobgoblins
  20 kobolds
  3 quokkas
  5 ball pythons
  4 bats
  7 goblins
  A kobold zombie (Sewer)
  7 rats
  4 tentacles (Shoals:1)
999 creatures vanquished.

Vanquished Creatures (collateral kills)
  Gastronok (Lair:2)
  3 blink frogs (Lair:2)
4 creatures vanquished.

Vanquished Creatures (others)
  Nikola (Lair:2)
  2 emperor scorpions (Spider:4)
  A ghost moth (Spider:4)
  A spark wasp (Spider:4)
  A merfolk javelineer (Shoals:4)
  5 merfolk impalers (Shoals:4)
  A catoblepas (Shoals:4)
  2 merfolk avatars (Shoals:4)
  2 satyrs (Shoals:4)
  A merfolk aquamancer (Shoals:4)
  4 death yaks (Shoals:4)
  3 sea snakes (Shoals:4)
  7 harpies (Shoals:4)
  3 orb spiders (Spider:4)
  6 wolf spiders
  7 manticores (Shoals:4)
  4 fauns (Shoals:4)
  2 cyclopes (Shoals:4)
  2 merfolk sirens (Shoals:4)
  8 jumping spiders
  2 wind drakes (Shoals:4)
  11 merfolk (Shoals:4)
  A hornet (Spider:4)
  A dream sheep (Shoals:4)
  2 snapping turtles (Shoals:4)
  6 redbacks (Spider:4)
  6 tarantellas (Spider:4)
  3 water elementals (Shoals:4)
  An orc warrior (Orc:2)
  4 orc wizards
  An orc (Orc:2)
  A kobold zombie (Sewer)
  A bush (Lair:6)
  37 fungi
  177 plants
  53 starspawn tentacles
  6 tentacles (Shoals:1)
376 creatures vanquished.

Grand Total: 1379 creatures vanquished

Notes
Turn   | Place    | Note
-------+----------+-------------------------------------------
     0 | Abyss:1  | freelancePsychic the Minotaur Abyssal Knight began the
                  | quest for the Orb.
     0 | Abyss:1  | Reached XP level 1. HP: 19/19 MP: 1/1
    95 | Abyss:1  | Noticed a flying skull
    97 | D:1      | Escaped the Abyss
   327 | D:1      | Reached * piety under Lugonu
   328 | D:1      | Reached XP level 2. HP: 20/27 MP: 2/2
   845 | D:1      | Found Giptaceb's Assorted Antiques.
  1104 | D:2      | Found a glowing golden altar of the Shining One.
  1281 | D:2      | Reached XP level 3. HP: 18/33 MP: 3/3
  1527 | D:2      | Reached XP level 4. HP: 9/40 MP: 4/4
  2643 | D:1      | Bought a scroll labelled TIPNEIW GENYMU for 27 gold pieces
  2838 | D:2      | Reached XP level 5. HP: 35/47 MP: 6/6
  3287 | D:3      | Found a bloodstained altar of Trog.
  3370 | D:3      | Reached skill level 5 in Polearms
  3389 | D:3      | Reached XP level 6. HP: 48/55 MP: 7/7
  3614 | D:4      | Reached ** piety under Lugonu
  3624 | D:4      | Noticed Eustachio
  3654 | D:4      | Reached skill level 5 in Fighting
  3685 | D:4      | Gained mutation: Your flesh is cold resistant. (rC+)
                  | [potion of mutation]
  4204 | D:4      | Found a hide-covered altar of Uskayaw.
  4272 | D:4      | Found a glowing silver altar of Zin.
  4273 | D:4      | Noticed Menkaure
  4280 | D:4      | Noticed Sigmund
  4329 | D:4      | Found a glowing drain.
  4336 | Sewer    | Entered a sewer
  4915 | Sewer    | Found a burning altar of Makhleb.
  5022 | Sewer    | Reached *** piety under Lugonu
  5045 | Sewer    | Reached XP level 7. HP: 23/61 MP: 8/8
  5590 | Sewer    | Noticed Grinder
  5625 | Sewer    | Paralysed by Grinder for 4 turns
  5642 | Sewer    | Killed Grinder
  5845 | D:4      | Noticed Pikel
  5882 | D:4      | Banished Pikel
  5883 | D:4      | Reached XP level 8. HP: 63/71 MP: 5/10
  5972 | D:4      | Reached skill level 5 in Invocations
  6198 | D:4      | Banished Sigmund
  6660 | D:4      | Killed Menkaure
  6835 | D:1      | Bought a scroll labelled YTZAVOWNAL for 27 gold pieces
  6835 | D:1      | Bought a scroll labelled VAFYAPTERR for 27 gold pieces
  6838 | D:1      | Identified a scroll of acquirement
  6838 | D:1      | Acquired the ring "Fiavuthra" {rPois rF+ rN+ rCorr}
  6950 | D:3      | Killed Eustachio
  7042 | D:5      | Entered Level 5 of the Dungeon
  7178 | D:5      | Found Vucarrawk's General Store.
  7208 | D:5      | Reached XP level 9. HP: 78/80 MP: 12/12
  7501 | D:5      | Reached skill level 10 in Polearms
  7823 | D:5      | Found an ancient bone altar of Kikubaaqudgha.
  8033 | D:6      | Found a transporter.
  8199 | D:6      | Found a staircase to the Ecumenical Temple.
  9093 | D:6      | Found a transporter.
  9117 | D:6      | Reached **** piety under Lugonu
  9794 | D:7      | Reached XP level 10. HP: 91/91 MP: 14/14
 11484 | D:7      | Noticed an ogre mage
 11490 | D:7      | Noticed a wizard
 11507 | D:7      | Killed an ogre mage
 11512 | D:7      | Noticed a deep elf pyromancer
 11512 | D:7      | Noticed a manticore
 11512 | D:7      | Noticed a death knight
 11512 | D:7      | Noticed a manticore
 11514 | D:7      | Banished a death knight
 11515 | D:7      | Reached skill level 10 in Fighting
 11515 | D:7      | Noticed a gargoyle
 11520 | D:7      | Banished a gargoyle
 11521 | D:7      | Banished a manticore
 11527 | D:7      | Cast into level 2 of the Abyss (a wizard)
 11580 | Abyss:2  | Noticed a thrashing horror
 11581 | D:7      | Escaped the Abyss
 11888 | D:7      | Killed a wizard
 11890 | D:7      | Killed a deep elf pyromancer
 11891 | D:7      | Reached XP level 11. HP: 77/101 MP: 16/16
 11960 | D:7      | Noticed an ogre mage
 12122 | D:7      | Killed an ogre mage
 12239 | D:7      | Noticed a two-headed ogre
 12256 | D:7      | Killed a two-headed ogre
 12386 | D:7      | Identified the amulet of Qaaroa {RegenMP rF- Regen+ rCorr}
 12760 | D:8      | Paralysed by a hornet for 3 turns
 13031 | D:8      | Found Wourouwn's Armour Boutique.
 13336 | D:8      | Bought a +0 tower shield for 67 gold pieces
 13458 | D:8      | Found a staircase to the Lair.
 13473 | D:8      | Reached skill level 5 in Armour
 13473 | D:8      | Reached skill level 1 in Shields
 13847 | D:9      | Found an iron altar of Okawaru.
 13873 | D:9      | Noticed a two-headed ogre
 13882 | D:9      | Killed a two-headed ogre
 14286 | D:10     | Entered Level 10 of the Dungeon
 14413 | D:10     | Noticed Harold
 14455 | D:10     | Paralysed by Harold for 2 turns
 14463 | D:10     | Killed Harold
 14554 | D:10     | Found a transporter.
 14557 | D:10     | Found a transporter.
 14558 | D:10     | Noticed a catoblepas
 14558 | D:10     | Noticed a deep elf archer
 14563 | D:10     | Noticed a purple ugly thing
 14581 | D:10     | Found Buatorad's Distillery.
 14623 | D:10     | Found Roleniz's Magic Scroll Shoppe.
 14667 | D:10     | Found a radiant altar of Vehumet.
 14705 | D:10     | Found Jushoum's Jewellery Shoppe.
 14912 | D:10     | Found a stormy altar of Qazlal.
 15051 | D:10     | Reached skill level 10 in Invocations
 15161 | D:10     | Noticed Snorg
 15180 | D:10     | Banished Snorg
 15181 | D:10     | Reached skill level 5 in Shields
 15181 | D:10     | Reached XP level 12. HP: 49/112 MP: 10/18
 15285 | D:10     | Found a sparkling altar of Nemelex Xobeh.
 15621 | D:11     | Found a staircase to the Orcish Mines.
 15628 | D:11     | Noticed a five-headed hydra
 15636 | D:11     | Killed a five-headed hydra
 16025 | D:11     | Found a portal to a secret trove of treasure.
 16380 | D:12     | Noticed a seven-headed hydra
 16384 | D:12     | Banished a seven-headed hydra
 16413 | D:12     | Found a flagged portal.
 16424 | Bailey   | Entered a bailey
 16889 | Bailey   | Reached skill level 5 in Dodging
 17159 | D:12     | Noticed a two-headed ogre
 17168 | D:12     | Killed a two-headed ogre
 17795 | D:10     | Bought a scroll of acquirement for 624 gold pieces
 17795 | D:10     | Acquired a +3 demon trident of pain
 17888 | Orc:1    | Entered Level 1 of the Orcish Mines
 17935 | Orc:1    | Noticed Erica
 17965 | Orc:1    | Killed Erica
 18295 | Orc:2    | Entered Level 2 of the Orcish Mines
 18411 | Orc:2    | Found a staircase to the Elven Halls.
 18482 | Orc:1    | Reached XP level 13. HP: 58/119 MP: 20/20
 18616 | Orc:2    | Reached ***** piety under Lugonu
 19064 | Orc:2    | Noticed Blork the orc
 19077 | Orc:1    | Killed Blork the orc
 19153 | Orc:2    | Paralysed by an orc sorcerer for 7 turns
 19660 | Orc:2    | Noticed Saint Roka
 19745 | Orc:2    | Banished Saint Roka
 19825 | Orc:2    | Found Luhixkaf's Book Emporium.
 19866 | Orc:2    | Found Buhayd's Antique Armour Shop.
 20205 | Orc:2    | Found Mufyoff's General Store.
 20221 | Orc:2    | Found Hitot's Antique Weapon Emporium.
 20237 | Orc:2    | Found Vozagyza's Antique Armour Emporium.
 20331 | Orc:2    | Reached skill level 10 in Armour
 20503 | Lair:1   | Entered Level 1 of the Lair of Beasts
 20538 | Lair:1   | Reached skill level 10 in Shields
 20561 | Lair:1   | Acquired 1281 gold pieces
 20738 | D:1      | Bought the +10 morningstar "Eos" {elec, Halo rElec} for
                  | 1998 gold pieces
 20738 | D:1      | Found the +10 morningstar "Eos" {elec, Halo rElec}
 20955 | D:11     | You paid a toll of the morningstar "Eos" to enter a
                  | treasure trove
 20956 | Trove    | Entered a treasure trove
 20963 | Trove    | Identified the +7 spear of Megalomania {vamp, rPois}
 20970 | Trove    | Identified the +5 ring mail "Haunk" {+Blink rPois rN+}
 20978 | Trove    | Identified the amulet of Asmeopas {Acrobat rElec rN+ Will+
                  | Int+4}
 20980 | Trove    | Identified the ring "Yruw" {Fly rN++ rCorr}
 21144 | Lair:1   | Found a runed translucent gate.
 21144 | Lair:1   | Found a runed translucent gate.
 21144 | Lair:1   | Found a runed translucent gate.
 21177 | Lair:1   | Noticed shoop's ghost (journeyman TrHu)
 22234 | Lair:2   | Found a gate leading to a gauntlet.
 22279 | Gauntlet | Entered a Gauntlet
 22279 | Gauntlet | Found a runed translucent door.
 22279 | Gauntlet | Found a transporter.
 22279 | Gauntlet | Found a runed translucent door.
 22279 | Gauntlet | Found a transporter.
 22417 | Gauntlet | Found a transporter.
 22420 | Gauntlet | Found a transporter.
 22431 | Gauntlet | Found a transporter.
 22439 | Gauntlet | Found a transporter.
 22440 | Gauntlet | Found the +2 hood of the Assassin {Detection Stab+ Stlth++}
 22456 | Gauntlet | Noticed a dire elephant
 22457 | Gauntlet | Found a transporter.
 22465 | Gauntlet | Found a transporter.
 22466 | Gauntlet | Found a transporter.
 22468 | Gauntlet | Found a transporter.
 22479 | Gauntlet | Found a transporter.
 22481 | Gauntlet | Found a transporter.
 23171 | Gauntlet | Identified the ring of Awe {rPois Will+ Str-4 Dex-5 Stlth+}
 23171 | Gauntlet | Noticed a minotaur
 23192 | Gauntlet | Killed a minotaur
 23193 | Gauntlet | Reached skill level 15 in Fighting
 23193 | Gauntlet | Reached XP level 14. HP: 34/135 MP: 21/21
 23642 | Lair:2   | Found a hole to the Spider Nest.
 24036 | Lair:2   | Noticed Gastronok
 24055 | Lair:2   | Killed Gastronok
 25363 | Lair:3   | Found a staircase to the Shoals.
 27628 | Lair:5   | Reached skill level 10 in Dodging
 27660 | Lair:5   | Reached ****** piety under Lugonu
 27994 | Lair:5   | Identified a +5 demon trident of distortion (a +3 demon
                  | trident of pain corrupted by Lugonu)
 27994 | Lair:5   | Received a gift from Lugonu
 28166 | Lair:5   | Noticed Nessos
 28179 | Lair:5   | Killed Nessos
 28557 | Lair:6   | Entered Level 6 of the Lair of Beasts
 28930 | Lair:6   | Reached XP level 15. HP: 123/147 MP: 22/22
 30038 | Lair:6   | Found a viscous altar of Jiyva.
 30039 | Lair:6   | Found a staircase to the Slime Pits.
 31131 | D:13     | Found a gate to the Vaults.
 32036 | D:14     | Found the +7 sceptre of Torment {pain, torment}
 32136 | D:14     | Noticed Frances
 32147 | D:14     | Killed Frances
 32298 | D:14     | Identified the +7 chain mail "Aklism" {+Blink Int+4 Slay+5}
 32436 | D:14     | Reached XP level 16. HP: 159/159 MP: 23/23
 32469 | D:15     | Entered Level 15 of the Dungeon
 33031 | D:15     | Found a staircase to the Depths.
 33803 | Spider:1 | Entered Level 1 of the Spider Nest
 33803 | Spider:1 | Noticed Nikola
 33813 | Lair:2   | Reached XP level 17. HP: 160/166 MP: 24/24
 34284 | Lair:2   | Killed Nikola
 34875 | Spider:1 | You fall into a shaft and drop 1 floor!
 36302 | Spider:2 | Reached skill level 15 in Armour
 36451 | Spider:2 | Reached skill level 15 in Shields
 38773 | Spider:4 | Entered Level 4 of the Spider Nest
 39084 | Spider:4 | Corrupted Spider:4
 39084 | Spider:4 | Noticed a profane servitor
 39695 | Spider:4 | Reached XP level 18. HP: 173/173 MP: 7/26
 40021 | Spider:4 | Got a gossamer rune of Zot
 40405 | Shoals:1 | Entered Level 1 of the Shoals
 41432 | Shoals:1 | Acquired the ring of Ukhefec {Fly rC++ Int+4}
 42591 | Shoals:2 | Identified the +2 leather armour of Fissef {Harm}
 43185 | Shoals:3 | Noticed Ilsuiw
 43202 | Shoals:3 | Reached skill level 15 in Dodging
 43497 | Shoals:3 | Killed Ilsuiw
 44440 | Shoals:4 | Entered Level 4 of the Shoals
 44440 | Shoals:4 | Found a hide-covered altar of Uskayaw.
 44440 | Shoals:4 | Noticed Polyphemus
 44441 | Shoals:4 | Corrupted Shoals:4
 44441 | Shoals:4 | Noticed a Hell Sentinel
 44451 | Shoals:4 | Identified the ring "Asut" {rF+ rCorr}
 44453 | Shoals:4 | Killed Polyphemus
 44885 | Shoals:4 | Acquired 867 gold pieces
 44969 | Shoals:4 | Identified the +6 hunting sling "Heupsec" {vorpal, rN+
                  | Str+2 Dex-3}
 44993 | Shoals:4 | Got a barnacled rune of Zot
 45096 | Shoals:4 | Found a shimmering altar of Xom.
 45843 | Vaults:1 | Entered Level 1 of the Vaults
 45902 | Vaults:1 | Reached XP level 19. HP: 133/181 MP: 28/28
 46285 | Vaults:1 | Found a transporter.
 46357 | Vaults:1 | Found a transporter.
 46371 | Vaults:1 | Noticed a dread lich
 46393 | Vaults:1 | Banished a dread lich
 46437 | Vaults:1 | Reached skill level 15 in Invocations
 46477 | Abyss:1  | Killed from afar by an ironbound frostheart

Illustrated notes

Levels and vault maps discovered:
D:1:      nicolae_arrival_washed_ashore, layout_loops_ring, serial_shops,
          nicolae_shop_overgrown_old_shop
D:2:      layout_loops_ring, basic_altar
D:3:      layout_rooms, general_overflow_altar
D:4:      layout_gridville, nicolae_overflow_crystal_walls, kennysheep_mini,
          portal_sewer_entry_e, st_stairs_1, minivault_14, uniq_pikel,
          uniq_menkaure, uniq_eustachio, uniq_sigmund
D:5:      layout_gridville, nicolae_kikubaaqudgha_miasma_corner, serial_shops,
          kennysheep_mini_moat
D:6:      gammafunk_cloud_chamber, layout_cave_pools,
          minmay_temple_entry_arrows, serial_park, minivault_26,
          corexii_item_surrounded_by_moat, lightli_orcish_oven
D:7:      minmay_the_grid_plus [minmay_the_grid_odd_star,
          minmay_the_grid_tri_star, minmay_the_grid_dragon_b,
          minmay_the_grid_expand, minmay_the_grid_prize_four_corners_diamond_b],
          layout_basic
D:8:      layout_rooms, david_lair_shrubbed, kennysheep_windowed_goal
D:9:      layout_long_grid, marbit_many_paths
D:10:     layout_basic, gammafunk_temple_overflow_arena,
          lemuel_coloured_pillars_altar, serial_shops,
          nicolae_shop_behind_doors, shop, shop, st_stairs_8, hex_tiny,
          hangedman_decor_lopped, uniq_harold, uniq_snorg
D:11:     layout_gridville, orc_0_dummy, nicolae_trove_entry_isolated
D:12:     layout_loops_ring, enter_bailey_3
D:13:     layout_stronghold, grunt_vaults_entry_fortified
D:14:     layout_roguey, chequers_serial_rivers_micro_a, uniq_frances
D:15:     hangedman_depths_entry_civil_slaughter, layout_long_grid,
          chequers_decorated_corner, minmay_crystal_water
Lair:1:   beast_lair_carwin_large_2, layout_regular_city, gammafunk_ghost_icy
Lair:2:   layout_cave_pods, spider_nest_entry_a, gauntlet_entry_generic,
          uniq_gastronok
Lair:3:   layout_cave_shapes, elwin_shoals_entry_stream, beast_lair_carwin_8
Lair:4:   layout_layer_cave, beast_lair_carwin_3
Lair:5:   layout_long_grid, infiniplex_staircase_pool, uniq_nessos
Lair:6:   grunt_lair_end_beastmaster, layout_regular_city, slime_altar_1,
          lemuel_fruit_tree
Shoals:1: layout_shoals, abandoned_shop, hangedman_shoals_cup_caves
Shoals:2: layout_shoals, st_sunken_huts
Shoals:3: layout_shoals, uniq_ilsuiw
Shoals:4: shoals_end_grunt_garden, layout_shoals, hangedman_feature_mirror,
          uniq_polyphemus
Spider:1: layout_chambers, uniq_nikola
Spider:2: lemuel_spider_zombies
Spider:3: layout_chambers
Spider:4: grunt_spider_rune_parallel
Orc:1:    layout_caves, uniq_erica
Orc:2:    grunt_orc_cross, layout_diamond_mine, serial_shops,
          nicolae_shop_trees, elves_outpost_lemuel
Vaults:1: gammafunk_dig_for_victory, nicolae_vaults_network_star, v_pattern_4,
          v_rooms_2, v_misc_24, grunt_vaults_twisty, v_misc_1, v_misc_5,
          v_misc_19, nicolae_vaults_angled_halls,
          ontoclasm_vaults_loading_screen, layout_vaults_maze_snakey,
          serial_shops, shop
Abyss:1:  base: Temple, base: Temple, base:
Lair:2

Skill      XL: |  1  2  3  4  5  6  7  8  9 10 11 12 13 14 15 16 17 18 19 |
---------------+----------------------------------------------------------+-----
Invocations    | 2 3 4 5 7 8 10 11 12 14 15 | 15.1
Polearms       | 3 4 5 6 8 9 11 13 14 | 14.4
Fighting       | 4 5 6 7 9 10 12 15 17 18 | 18.6
Armour         | 3 4 5 8 10 12 13 14 15 16 | 16.7
Shields        | 5 8 10 12 13 14 15 17 18 | 18.3
Dodging        | 6 8 10 12 14 15 | 15.0

Action                   |  1- 3 |  4- 6 |  7- 9 | 10-12 | 13-15 | 16-18 | 19-21 || total
-------------------------+-------+-------+-------+-------+-------+-------+-------++-------
Melee: Spear             |    78 |   428 |   328 |       |       |       |       ||   834
       Headbutt          |    11 |    32 |    76 |   132 |   282 |   170 |    30 ||   733
       Halberd           |       |       |    61 |    99 |       |       |       ||   160
       Trident           |       |       |       |   646 |       |       |       ||   646
       Demon trident     |       |       |       |   118 |  1438 |  1222 |   111 ||  2889
Throw: Dart              |       |       |     7 |    18 |     6 |       |       ||    31
Invok: Depart the Abyss  |     1 |       |       |     1 |       |       |       ||     2
       Banish            |       |       |     4 |    12 |     4 |    14 |     2 ||    36
       Bend Space        |       |       |     1 |     1 |       |       |       ||     2
       Brand Weapon With |       |       |       |       |     1 |       |       ||     1
       Corrupt           |       |       |       |       |       |     2 |       ||     2
       Enter the Abyss   |       |       |       |       |       |       |     1 ||     1
Evoke: Wand              |       |       |       |       |     4 |       |       ||     4
  Use: Scroll            |     1 |     5 |     5 |     8 |    11 |    11 |     1 ||    42
       Potion            |       |     5 |     1 |     4 |     5 |     1 |     4 ||    20
 Stab: Petrified         |       |       |       |       |     2 |       |       ||     2
       Held in net/web   |       |       |       |       |       |     1 |       ||     1
Armor: Leather armour    |    11 |       |       |       |       |       |       ||    11
       Plate armour      |       |   331 |   156 |   316 |   301 |       |       ||  1104
       Skin              |       |    96 |     8 |       |       |       |       ||   104
       Chain mail        |       |       |       |       |       |   431 |    61 ||   492
Dodge: Dodged            |    35 |   148 |    72 |   174 |   283 |   485 |    47 ||  1244
Block: Tower shield      |       |       |       |   534 |  1025 |  1162 |   126 ||  2847

Table legend: (Time is in decaauts)
 A = Elapsed time spent in this place.
 B = Non-inter-level travel time spent in this place.
 C = Inter-level travel time spent in this place.
 D = Time resting spent in this place.
 E = Time spent auto-exploring this place.
 F = Levels seen in this place.
 G = Mean time per level.
                   A        B        C        D        E       F      G
               +--------+--------+--------+--------+--------+-----+--------+
         Total |  45926 |  43052 |   2874 |   6760 |  27831 |  39 | 1177.6 |
       Dungeon |  19628 |  17580 |   2048 |   2428 |  12015 |  15 | 1308.5 |
          Lair |   8711 |   8290 |    421 |   1132 |   5809 |   6 | 1451.8 |
        Shoals |   5137 |   4978 |    159 |    556 |   3431 |   4 | 1284.2 |
   Spider Nest |   5790 |   5590 |    200 |    766 |   3867 |   4 | 1447.5 |
  Orcish Mines |   2473 |   2430 |     43 |    388 |   1120 |   2 | 1236.5 |
        Vaults |    572 |    572 |      0 |      0 |    401 |   1 |  572.0 |
         Abyss |    158 |    158 |      0 |     19 |    122 |   3 |   52.7 |
         Trove |     54 |     54 |      0 |      0 |      0 |   1 |   54.0 |
         Sewer |   1459 |   1459 |      0 |    677 |    518 |   1 | 1459.0 |
        Bailey |    707 |    707 |      0 |      0 |    269 |   1 |  707.0 |
      Gauntlet |   1232 |   1232 |      0 |    793 |    276 |   1 | 1232.0 |
               +--------+--------+--------+--------+--------+-----+--------+

Top non-repeatable levels by time:
     D:6: 2610 daAuts
  Lair:2: 2231 daAuts
Spider:1: 2095 daAuts
     D:4: 1765 daAuts
  Lair:4: 1668 daAuts
     D:7: 1630 daAuts
  Lair:6: 1629 daAuts
   Orc:2: 1609 daAuts
     D:2: 1606 daAuts
Shoals:2: 1535 daAuts
Spider:4: 1467 daAuts
Shoals:1: 1462 daAuts
   Sewer: 1459 daAuts
    D:10: 1436 daAuts
     D:5: 1402 daAuts
